 Dungeon Crawl Stone Soup version 0.28-a0-1524-ge72afd5fc6 (webtiles) character file.

Game seed: 11927670424988921275

124 Pin the Skirmisher (level 5, -3/43 HPs)
             Began as a Formicid Abyssal Knight on Jan 17, 2022.
             Was a Believer of Lugonu.
             Slain by a river rat (7 damage)
             ... in a sewer.
             The game lasted 00:05:55 (3349 turns).

Pin the Skirmisher (Formicid Abyssal Knight)        Turns: 3349, Time: 00:05:56

Health: -3/43      AC:  4    Str: 19    XL:     5   Next: 30%
Magic:  7/7        EV: 11    Int: 10    God:    Lugonu [**....]
Gold:   99         SH:  0    Dex: 11    Spells: 4/4 levels left

rFire   + . .      SeeInvis +   a - +2 hand axe
rCold   . . .      Faith    .   (no shield)
rNeg    . . .      Spirit   .   g - +2 robe {rF+}
rPois   .          Reflect  .   (helmet unavailable)
rElec   .          Harm     .   (no cloak)
rCorr   .          Rampage  .   (no gloves)
Will    .....                   (no boots)
Stlth   +.........              (no amulet)
HPRegen 0.14/turn               (no ring)
MPRegen 0.10/turn               (no ring)

@: no status effects
A: permanent stasis, dig shafts and tunnels, antennae 3, four strong arms
a: Dig, Renounce Religion, Depart the Abyss, Bend Space


You were in a sewer.
You worshipped Lugonu.
Lugonu was pleased with you.
You visited 1 branch of the dungeon, and saw 3 of its levels.
You visited the Abyss 1 time.
You also visited: Sewer.

You collected 99 gold pieces.

Inventory:

Hand Weapons
 a - a +2 hand axe (weapon)
Armour
 g - a +2 robe of fire resistance (worn)
Scrolls
 d - a scroll of holy word {unknown}
 f - a scroll of summoning {unknown}
 i - a scroll of identify
Potions
 b - a potion of curing {unknown}
 c - 2 potions of might
 e - a potion of degeneration {unknown}
 h - a potion of heal wounds {unknown}


   Skills:
 + Level 4.4 Fighting
 - Level 2.0 Axes
 + Level 3.7 Armour
 - Level 0.8 Dodging
 + Level 3.9 Invocations


You had 4 spell levels left.
You didn't know any spells.
Your spell library contained the following spells:

 Spells                   Type           Power      Damage    Failure   Level
 Magic Dart               Conj           0%         1d3       36%         1
 Call Imp                 Summ           0%         N/A       50%         2
 Mephitic Cloud           Conj/Pois/Air  0%         N/A       75%         3
 Teleport Other           Tloc           0%         N/A       75%         3
 Animate Armour           Summ/Erth      0%         N/A       98%         4
 Summon Mana Viper        Hex/Summ       0%         N/A       100%        5


Dungeon Overview and Level Annotations

Branches:
Dungeon (3/15)              Sewer (1/1)

Altars:


Innate Abilities, Weirdness & Mutations

You cannot be hasted, slowed, berserked, paralysed or teleported.
You can dig through walls and to a lower floor.
You have a pair of large antennae on your head. (SInv)
Your four strong arms can wield two-handed weapons with a shield.


Message History

You barely miss the river rat.
You feel very sick. The adder barely misses you. The river rat bites you.
You slash the adder!
You kill the adder!
Lugonu accepts your kill.
You closely miss the river rat.
You feel sick. The river rat barely misses you.
You hit the giant cockroach.
The giant cockroach is severely wounded.
You barely miss the river rat.
You feel sick.
The giant cockroach completely misses you.
The river rat bites you.
* * * LOW HITPOINT WARNING * * *
The giant cockroach closely misses you.
You hit the giant cockroach.
You kill the giant cockroach!
Lugonu accepts your kill.
You hit the river rat.
You feel sick. The river rat closely misses you.
The river rat bites you but does no damage.
You closely miss the river rat.
The river rat is heavily wounded.
You feel sick.
The river rat twitches its whiskers.
The river rat barely misses you.
You hit the river rat.
The river rat is almost dead.
You feel sick. The river rat misses you.
You closely miss the river rat.
The river rat is almost dead.
You feel sick.
You are no longer poisoned.
The river rat closely misses you.
You hit the river rat.
The river rat is almost dead.
The river rat bites you.
* * * LOW HITPOINT WARNING * * *
You closely miss the river rat.
The river rat is almost dead.
The river rat bites you!
You die...

..##
#...
#..#
##..##
#....##
##.....#
#r.....#
{{
#@†....#
{
##†...##
#∩..##
#####


You could see a river rat.

Vanquished Creatures
  Jessica (D:2)
  4 adders
  A dart slug (D:2)
  6 endoplasms
  5 giant cockroaches
  5 goblins
  6 hobgoblins
  4 kobolds
  4 quokkas
  9 ball pythons
  2 bats (D:1)
  4 frilled lizards
  5 rats
56 creatures vanquished.

Notes
Turn   | Place    | Note
-------+----------+-------------------------------------------
     0 | Abyss:1  | Pin the Formicid Abyssal Knight began the quest for the
                  | Orb.
     0 | Abyss:1  | Reached XP level 1. HP: 18/18 MP: 2/2
   100 | Abyss:1  | Noticed a ynoxinul
   102 | D:1      | Escaped the Abyss
   312 | D:1      | Reached XP level 2. HP: 23/24 MP: 3/3
   329 | D:1      | Reached * piety under Lugonu
   807 | D:1      | Reached XP level 3. HP: 30/30 MP: 5/5
  1533 | D:2      | Found a faded altar of an unknown god.
  1620 | D:2      | Got Pisuefy's Guide on the Creative Traveller
  1637 | D:2      | Reached ** piety under Lugonu
  1664 | D:2      | Noticed Jessica
  1676 | D:2      | HP: 1/30 [Jessica/nerve-wracking pain (14)]
  1677 | D:2      | Killed Jessica
  1678 | D:2      | Reached skill level 4 in Fighting
  1678 | D:2      | Reached XP level 4. HP: 2/37 MP: 6/6
  2828 | D:3      | Reached XP level 5. HP: 34/42 MP: 7/7
  2936 | D:3      | Found a glowing drain.
  3333 | Sewer    | Entered a sewer
  3349 | Sewer    | Slain by a river rat

Illustrated notes

Levels and vault maps discovered:
D:1:      dpeg_arrival_shrine, layout_basic
D:2:      layout_basic, serial_curves, eino_curves_04, eino_curves_04,
          ebering_ecumenical_altar_abandoned, uniq_jessica
D:3:      layout_rooms, portal_sewer_entry_d
Sewer:    sewer_fruit_machine

Skill      XL: |  1  2  3 |
---------------+----------+-----
Invocations    | 3 |  3.9
Armour         | 3 |  3.7
Fighting       | 4 |  4.4
Axes           | |  2.0
Dodging        | |  0.8

Action                   |  1- 3 |  4- 6 || total
-------------------------+-------+-------++-------
Melee: Hand axe          |    83 |    76 ||   159
       Punch             |       |     1 ||     1
Invok: Depart the Abyss  |     1 |       ||     1
  Use: Scroll            |       |     3 ||     3
 Stab: Sleeping          |       |     1 ||     1
Armor: Leather armour    |    22 |       ||    22
       Robe              |       |    21 ||    21
Dodge: Dodged            |    58 |    61 ||   119

Table legend: (Time is in decaauts)
 A = Elapsed time spent in this place.
 B = Non-inter-level travel time spent in this place.
 C = Inter-level travel time spent in this place.
 D = Time resting spent in this place.
 E = Time spent auto-exploring this place.
 F = Levels seen in this place.
 G = Mean time per level.
                   A        B        C        D        E       F      G
               +--------+--------+--------+--------+--------+-----+--------+
         Total |   3385 |   3322 |     63 |    987 |   1835 |   5 |  677.0 |
       Dungeon |   3265 |   3202 |     63 |    987 |   1766 |   3 | 1088.3 |
         Abyss |    102 |    102 |      0 |      0 |     69 |   1 |  102.0 |
         Sewer |     18 |     18 |      0 |      0 |      0 |   1 |   18.0 |
               +--------+--------+--------+--------+--------+-----+--------+

Top non-repeatable levels by time:
     D:2: 1496 daAuts
     D:1: 1099 daAuts
     D:3: 669 daAuts
 Abyss:1: 102 daAuts
   Sewer: 18 daAuts
